 Dungeon Crawl Stone Soup version 0.31-a0-222-gefeffbb62a (webtiles) character file.

Game seed: 7268307302067780043

7080 qw the Cleaver (level 11, 0/68 HPs)
             Began as a Gargoyle Fighter on July 5, 2023.
             Killed by the air
             ... invoked by Gastronok
              (12 damage)
             ... on level 9 of the Dungeon.
             The game lasted 00:05:05 (8620 turns).

qw the Cleaver (Gargoyle Fighter)                   Turns: 8620, Time: 00:05:06

Health: 0/68       AC: 27    Str: 23    XL:     11   Next: 9%
Magic:  0/11       EV: 13    Int: 10    God:
Gold:   344        SH: 10    Dex:  9    Spells: 10/10 levels left

rFire   . . .        Y - +0 war axe (venom)
rCold   . . .        r - +0 kite shield
rNeg    + . .        g - +4 chain mail {Will+}
rPois   inf          t - +1 helmet
rElec   +            (no cloak)
rCorr   .            i - +2 pair of gloves
SInv    +            (no boots)
Will    +....        m - amulet of guardian spirit Stlth
                     j - ring of see invisible
HPRegen 0.31/turn    l - +5 ring of evasion
MPRegen 0.12/turn

%: guardian spirit
@: no status effects
A: sickness immunity, AC +8, negative energy resistance 1, electricity
resistance, torment resistance 1, petrification resistance
a: no special abilities


You were on level 9 of the Dungeon.
You visited 2 branches of the dungeon, and saw 10 of its levels.

You collected 478 gold pieces.
You spent 134 gold pieces at shops.


Innate Abilities, Weirdness & Mutations

You are immune to sickness and miasma.
Your stone body is resilient. (AC +8)
You are immune to poison.
You resist negative energy. (rN+)
You are resistant to electric shocks. (rElec)
You are resistant to unholy torment.
You are immune to petrification.


   Skills:
 - Level 8.0 Fighting
 - Level 11.0 Axes
 - Level 1.2 Throwing
 - Level 6.2 Armour
 - Level 1.0 Dodging
 + Level 9.7 Shields


You had 10 spell levels left.
You didn't know any spells.
Your spell library was empty.

Inventory:

Hand Weapons
 c - a +0 morningstar of freezing
 Y - a +0 war axe of venom (weapon)
Armour
 g - a +4 chain mail of willpower (worn)
 i - a +2 pair of gloves (worn)
 r - a +0 kite shield (worn)
 t - a +1 helmet (worn)
Jewellery
 h - a ring of protection from cold
 j - a ring of see invisible (left hand)
 l - a +5 ring of evasion (right hand)
 m - an amulet of guardian spirit (around neck)
 o - a ring of willpower
Wands
 v - a wand of digging (7)
Scrolls
 b - 6 scrolls of identify
Potions
 d - 4 potions of might
 f - 5 potions of curing
 k - 3 potions of haste
 n - a potion of lignification

Dungeon Overview and Level Annotations

Branches:
Dungeon (9/15)             Temple (1/1) D:5
   Lair: D:8-11         Orc: D:9-12

Altars:
Ashenzari
Cheibriados
Dithmenos
Elyvilon
Fedhas
Gozag
Hepliaklqana
Kikubaaqudgha
Makhleb
Nemelex Xobeh
Qazlal
Ru
Trog
Uskayaw
Vehumet
Wu Jian
Xom
Yredelemnul
The Shining One

Shops:
D:1 :   D:3 :?=:!

Annotations:
D:8 1 runed translucent door, qw's ghost, novice GrFi
D:9 Gastronok


Message History

The wight is severely damaged.
You feel a bit more experienced. The wight hits you but does no damage.
You barely miss the wight.
The wight is severely damaged.
You block the wight's attack.
You closely miss the wight.
The wight is severely damaged.
You block the wight's attack. The orc wizard casts a spell at you.
The puff of flame misses you.
You closely miss the wight.
The wight is severely damaged.
You block the wight's attack.
You hit the wight.
You destroy the wight!
The orc wizard points at you and mumbles some strange words.
The puff of flame hits you!
The orc wizard points at you and mumbles some strange words.
The puff of flame misses you.
You closely miss the orc wizard. You block the orc wizard's attack.
You hit the orc wizard but do no damage.
You block the orc wizard's attack.
Gastronok mumbles some strange words.
Gastronok puts on a burst of speed!
You barely miss the orc wizard. You block the orc wizard's attack.
You slash the orc wizard!
You kill the orc wizard!
The wight hits you but does no damage.
You hit the wight.
You destroy the wight!
Gastronok wobbles crazily.
Things that are here:
a +0 falchion; a +0 robe You slash Gastronok!
Gastronok is poisoned.
Gastronok is lightly wounded.
Gastronok waves his eye-stalks in wide circles.
The air twists around and strikes you!
You die...

#.....$....>)).......#
#...........)........#
#.............)......#
#....................#
#....................#
#######
..................#
.......
..................#
.......
......w...........#
.......
.......@..........#
)......
..................#
K.....[
..................#
.......
.........)...)....#
.......
.............[....#
.......
.....)...)........#
.......
..................#
.......
..................#
.......
.................#


You could see Gastronok (swift, very poisoned).

Vanquished Creatures
  2 two-headed ogres (D:8)
  Pikel (D:8)
  Joseph (D:7)
  A troll (D:9)
  A vampire (D:9)
  Eustachio (D:6)
  A yak (D:8)
  3 steam dragons
  2 water moccasins
  2 black bears
  2 ice beasts
  5 orc warriors
  A sky beast (D:5)
  2 ogres (D:5)
  2 phantoms
  4 lemures (D:8)
  2 kobold brigands
  3 bullfrogs
  A gnoll sergeant (D:7)
  3 scorpions
  12 wights
  Dowan (D:6)
  4 howler monkeys
  4 jellies
  9 orc priests
  A hound (D:7)
  2 iguanas (D:5)
  8 orc wizards
  4 sleepcaps
  9 adders
  15 gnolls
  A shadow imp (D:6)
  A white imp (D:6)
  4 ufetubi
  2 worms
  3 dart slugs
  37 orcs
  8 bats
  10 endoplasms
  5 giant cockroaches
  7 hobgoblins
  11 kobolds
  A quokka (D:1)
  4 ball pythons
  6 frilled lizards
  6 goblins
  6 rats
221 creatures vanquished.

Vanquished Creatures (others)
  Duvessa (D:6)
1 creature vanquished.

Grand Total: 222 creatures vanquished

Notes
Turn   | Place    | Note
-------+----------+-------------------------------------------
     0 | D:1      | qw the Gargoyle Fighter began the quest for the Orb.
     0 | D:1      | Reached XP level 1. HP: 14/14 MP: 1/1
     0 | D:1      | 0 ||| qw: Version: 0.3-a-46-gb1f654a
     0 | D:1      | 0 ||| qw: Game counter: 1030
     0 | D:1      | 0 ||| qw: Melee chars always use a shield: true
     0 | D:1      | 0 ||| qw: God list: Okawaru
     0 | D:1      | 0 ||| qw: Allow faded altars: false
     0 | D:1      | 0 ||| qw: Do Orc after clearing Dungeon:15 true
     0 | D:1      | 0 ||| qw: Do second Lair branch before Depths: true
     0 | D:1      | 0 ||| qw: Lair rune preference: random
     0 | D:1      | 0 ||| qw: Goals: Normal, Zot:1-4, Slime:5, God:TSO, Crypt,
                  | Tomb, Abyss, Pan, Hells, Win
     0 | D:1      | 0 ||| PLANNING D:1-11
    31 | D:1      | Reached skill level 2 in Axes
    96 | D:1      | Reached XP level 2. HP: 19/19 MP: 2/2
   125 | D:1      | 125 ||| Stepping ~*~*~tactically~*~*~ (stealth).
   349 | D:1      | 349 ||| Stepping ~*~*~tactically~*~*~ (hiding).
   350 | D:1      | 350 ||| Stepping ~*~*~tactically~*~*~ (hiding).
   356 | D:1      | Reached skill level 3 in Axes
   648 | D:1      | 648 ||| Stepping ~*~*~tactically~*~*~ (stealth).
   659 | D:1      | Reached XP level 3. HP: 20/23 MP: 3/3
   707 | D:1      | Found Buinnynual's Book Boutique.
  1079 | D:1      | 1079 ||| DROPPING ring of wizardry.
  1080 | D:1      | 1080 ||| READING 2 scrolls labelled VIEXOSOUCOM.
  1085 | D:1      | 1085 ||| READING scroll labelled GOXUUNG EJUO.
  1150 | D:2      | Identified the +0 dagger "Hiwac" {drain, rC+ Int+5}
  1305 | D:2      | 1305 ||| Stepping ~*~*~tactically~*~*~ (stealth).
  1354 | D:2      | Reached XP level 4. HP: 28/28 MP: 4/4
  1412 | D:2      | 1412 ||| FLEEEEING.
  1413 | D:2      | 1413 ||| FLEEEEING.
  1414 | D:2      | 1414 ||| FLEEEEING.
  1415 | D:2      | 1415 ||| FLEEEEING.
  1435 | D:2      | Reached skill level 4 in Axes
  1925 | D:2      | 1925 ||| UPGRADING to +0 chain mail.
  1935 | D:2      | 1935 ||| DROPPING +0 scale mail.
  1936 | D:2      | 1936 ||| DROPPING +6 ring of intelligence.
  1937 | D:2      | 1937 ||| UPGRADING to ring of see invisible.
  1938 | D:2      | 1938 ||| READING scroll labelled WARUNKIXAY.
  1967 | D:3      | Found Apeots's Book Shop.
  1974 | D:3      | Found Ythunafo's Jewellery Emporium.
  1980 | D:3      | Found Lineiche's Magic Scroll Emporium.
  1984 | D:3      | 1984 ||| SHOPLISTING +4 ring of slaying (858 gold, have
                  | 105).
  1984 | D:3      | 1984 ||| SHOPLISTING amulet of faith (440 gold, have 105).
  1984 | D:3      | 1984 ||| SHOPLISTING ring of positive energy (220 gold,
                  | have 105).
  1984 | D:3      | 1984 ||| SHOPLISTING ring of protection from cold (275
                  | gold, have 105).
  1984 | D:3      | 1984 ||| SHOPLISTING ring of protection from fire (275
                  | gold, have 105).
  1984 | D:3      | 1984 ||| SHOPLISTING ring of resist corrosion (220 gold,
                  | have 105).
  1984 | D:3      | 1984 ||| SHOPLISTING ring of willpower (275 gold, have
                  | 105).
  2009 | D:3      | 2009 ||| BUYING scroll of enchant armour (75 gold).
  2009 | D:3      | Bought a scroll of enchant armour for 75 gold pieces
  2009 | D:3      | 2009 ||| SHOPLISTING scroll of enchant weapon (75 gold,
                  | have 37).
  2009 | D:3      | 2009 ||| BUYING scroll of identify (20 gold).
  2009 | D:3      | Bought a scroll of identify for 20 gold pieces
  2009 | D:3      | 2009 ||| SHOPLISTING scroll of identify (20 gold, have 17).
  2251 | D:3      | Found Omnewiz's Book Shop.
  2526 | D:3      | Found Urphuicyas's Distillery.
  2544 | D:3      | 2544 ||| BUYING potion of curing (39 gold).
  2544 | D:3      | Bought a potion of curing for 39 gold pieces
  2544 | D:3      | 2544 ||| SHOPLISTING potion of enlightenment (65 gold, have
                  | 3).
  2544 | D:3      | 2544 ||| SHOPLISTING potion of haste (130 gold, have 3).
  2544 | D:3      | 2544 ||| SHOPLISTING potion of heal wounds (65 gold, have
                  | 3).
  2544 | D:3      | 2544 ||| SHOPLISTING potion of resistance (130 gold, have
                  | 3).
  2613 | D:3      | 2613 ||| UPGRADING to +0 pair of gloves.
  2618 | D:3      | 2618 ||| READING 2 scrolls of enchant armour.
  2618 | D:3      | 2618 ||| ENCHANTING +0 pair of gloves.
  2619 | D:3      | 2619 ||| READING scroll of enchant armour.
  2619 | D:3      | 2619 ||| ENCHANTING +1 pair of gloves.
  2620 | D:3      | 2620 ||| UPGRADING to amulet of guardian spirit.
  2625 | D:3      | 2625 ||| UPGRADING to +5 ring of evasion.
  2626 | D:3      | 2626 ||| DRINKING 3 dark potions.
  2679 | D:4      | Noticed a black bear
  2689 | D:4      | Killed a black bear
  2690 | D:4      | Reached skill level 5 in Axes
  2690 | D:4      | Reached XP level 5. HP: 19/32 MP: 3/5
  2751 | D:4      | 2751 ||| Stepping ~*~*~tactically~*~*~ (hiding).
  2774 | D:4      | Reached XP level 6. HP: 32/38 MP: 4/6
  2861 | D:4      | 2861 ||| Stepping ~*~*~tactically~*~*~ (hiding).
  2878 | D:4      | 2878 ||| Stepping ~*~*~tactically~*~*~ (stealth).
  2984 | D:4      | 2984 ||| DROPPING +0 mace.
  3016 | D:4      | 3016 ||| Stepping ~*~*~tactically~*~*~ (hiding).
  3032 | D:4      | Reached skill level 6 in Axes
  3175 | D:4      | 3175 ||| Stepping ~*~*~tactically~*~*~ (stealth).
  3209 | D:4      | Reached skill level 1 in Dodging
  3271 | D:4      | Reached XP level 7. HP: 40/43 MP: 7/7
  3399 | D:4      | 3399 ||| DROPPING scarf of harm.
  3400 | D:4      | 3400 ||| READING scroll labelled MIAME XUHOTTA.
  3401 | D:4      | 3401 ||| READING scroll labelled XOBABO ARUSHEF.
  3402 | D:4      | 3402 ||| DRINKING 2 pink potions.
  3403 | D:4      | 3403 ||| READING 5 scrolls of identify.
  3403 | D:4      | 3403 ||| IDENTIFYING bubbling brown potion
  3404 | D:4      | 3404 ||| DROPPING potion of degeneration.
  3417 | D:5      | Entered Level 5 of the Dungeon
  3443 | D:5      | Reached skill level 7 in Axes
  3458 | D:5      | Reached XP level 8. HP: 24/49 MP: 3/8
  3505 | D:5      | 3505 ||| FLEEEEING.
  3506 | D:5      | 3506 ||| FLEEEEING.
  3507 | D:5      | 3507 ||| FLEEEEING.
  3515 | D:5      | 3515 ||| STAIRDANCE
  3558 | D:5      | 3558 ||| Stepping ~*~*~tactically~*~*~ (hiding).
  3844 | D:5      | Found a staircase to the Ecumenical Temple.
  3845 | D:5      | 3845 ||| PLANNING TEMPLE
  3845 | D:5      | 3845 ||| READING 4 scrolls of identify.
  3845 | D:5      | 3845 ||| IDENTIFYING purple potion
  3853 | Temple   | Entered the Ecumenical Temple
  3853 | Temple   | Found a transporter.
  3853 | Temple   | Found a transporter.
  3855 | Temple   | Found a transporter.
  3855 | Temple   | Found a transporter.
  3865 | Temple   | 3865 ||| PLANNING D:1-11
  3927 | D:5      | Found a stormy altar of Qazlal.
  3962 | D:5      | Reached skill level 8 in Axes
  4548 | D:5      | Reached skill level 6 in Fighting
  4745 | D:6      | Noticed Duvessa
  4751 | D:6      | Noticed Dowan
  4768 | D:6      | Killed Duvessa
  4775 | D:6      | HP: 12/51 [Dowan/+0 dagger (4)]
  4776 | D:6      | 4776 ||| READING 3 scrolls of teleportation.
  4777 | D:6      | Killed Dowan
  5080 | D:6      | Reached skill level 9 in Axes
  5080 | D:6      | Reached XP level 9. HP: 20/55 MP: 4/9
  5080 | D:6      | 5080 ||| Stepping ~*~*~tactically~*~*~ (cloud).
  5368 | D:6      | 5368 ||| Stepping ~*~*~tactically~*~*~ (stealth).
  5636 | D:6      | Noticed Eustachio
  5687 | D:6      | Killed Eustachio
  5720 | D:6      | Found a shimmering altar of Xom.
  5721 | D:6      | Found a white marble altar of Elyvilon.
  5876 | D:7      | 5876 ||| Stepping ~*~*~tactically~*~*~ (hiding).
  5883 | D:7      | 5883 ||| Stepping ~*~*~tactically~*~*~ (stealth).
  5949 | D:7      | 5949 ||| Stepping ~*~*~tactically~*~*~ (stealth).
  5951 | D:7      | 5951 ||| Stepping ~*~*~tactically~*~*~ (stealth).
  6132 | D:7      | Reached skill level 1 in Throwing
  6182 | D:7      | Reached skill level 10 in Axes
  6196 | D:7      | 6196 ||| Stepping ~*~*~tactically~*~*~ (hiding).
  6200 | D:7      | 6200 ||| Stepping ~*~*~tactically~*~*~ (hiding).
  6275 | D:7      | 6275 ||| Stepping ~*~*~tactically~*~*~ (stealth).
  6276 | D:7      | 6276 ||| Stepping ~*~*~tactically~*~*~ (stealth).
  6321 | D:7      | Noticed Joseph
  6322 | D:7      | 6322 ||| FLEEEEING.
  6323 | D:7      | 6323 ||| FLEEEEING.
  6324 | D:7      | 6324 ||| FLEEEEING.
  6325 | D:7      | 6325 ||| FLEEEEING.
  6326 | D:7      | 6326 ||| FLEEEEING.
  6327 | D:7      | 6327 ||| Stepping ~*~*~tactically~*~*~ (hiding).
  6353 | D:7      | Killed Joseph
  6354 | D:7      | Reached skill level 6 in Armour
  6505 | D:7      | Reached XP level 10. HP: 44/64 MP: 6/10
  7108 | D:7      | 7108 ||| UPGRADING to +0 plate armour.
  7118 | D:7      | 7118 ||| DROPPING +0 chain mail.
  7119 | D:7      | 7119 ||| UPGRADING to +0 kite shield.
  7129 | D:7      | 7129 ||| DROPPING +0 buckler.
  7130 | D:7      | 7130 ||| UPGRADING to +0 helmet.
  7135 | D:7      | 7135 ||| READING scroll of enchant armour.
  7135 | D:7      | 7135 ||| ENCHANTING +0 helmet.
  7136 | D:7      | 7136 ||| DROPPING ring of magical power.
  7137 | D:7      | 7137 ||| READING scroll labelled ENWUGO BEBIOFE.
  7265 | D:8      | 7265 ||| DROPPING +0 morningstar.
  7267 | D:8      | Found a flagged portal.
  7271 | D:8      | Identified the +4 orcbow "Jayveded" {speed, *Corrode rElec
                  | Int+7}
  7304 | D:8      | Found a runed translucent door.
  7311 | D:8      | Noticed qw's ghost (novice GrFi)
  7320 | D:8      | Found the +5 Force Lance {heavy, knockback}
  7467 | D:8      | Noticed Pikel
  7490 | D:8      | Killed Pikel
  7491 | D:8      | Reached skill level 6 in Shields
  7525 | D:8      | 7525 ||| Stepping ~*~*~tactically~*~*~ (hiding).
  7635 | D:8      | 7635 ||| READING scroll labelled BYOQUPL QOSEDE.
  7668 | D:8      | 7668 ||| READING scroll labelled NACIRH WOAZIES.
  7789 | D:8      | Found a hazy altar of Hepliaklqana.
  7790 | D:8      | Noticed a two-headed ogre
  7791 | D:8      | 7791 ||| Stepping ~*~*~tactically~*~*~ (stealth).
  7793 | D:8      | 7793 ||| Stepping ~*~*~tactically~*~*~ (stealth).
  7795 | D:8      | 7795 ||| Stepping ~*~*~tactically~*~*~ (stealth).
  7797 | D:8      | 7797 ||| Stepping ~*~*~tactically~*~*~ (stealth).
  7806 | D:8      | Killed a two-headed ogre
  7807 | D:8      | Reached skill level 9 in Shields
  8025 | D:8      | 8025 ||| UPGRADING to +4 chain mail of willpower.
  8035 | D:8      | 8035 ||| DROPPING +0 plate armour.
  8085 | D:9      | Identified the +0 helmet of Pego Pitz {*Corrode rC- Str+2
                  | Int+7}
  8122 | D:9      | 8122 ||| DRINKING 6 potions of curing.
  8122 | D:9      | 8122 ||| (to cure confusion)
  8335 | D:9      | 8335 ||| FLEEEEING.
  8344 | D:9      | Noticed a two-headed ogre
  8345 | D:9      | 8345 ||| FLEEEEING.
  8346 | D:9      | 8346 ||| FLEEEEING.
  8347 | D:9      | 8347 ||| FLEEEEING.
  8348 | D:9      | 8348 ||| FLEEEEING.
  8349 | D:9      | 8349 ||| FLEEEEING.
  8350 | D:9      | 8350 ||| STAIRDANCE
  8388 | D:8      | 8388 ||| DROPPING +0 helmet of Pego Pitz {*Corrode rC-
                  | Str+2 Int+7}.
  8389 | D:8      | 8389 ||| READING scroll labelled HEECZU HU CIA.
  8398 | D:9      | 8398 ||| STAIRDANCE
  8404 | D:8      | Killed a two-headed ogre
  8405 | D:8      | Reached skill level 11 in Axes
  8405 | D:8      | Reached XP level 11. HP: 43/68 MP: 6/11
  8571 | D:9      | Noticed Gastronok
  8580 | D:9      | HP: 10/68 [orc warrior/+1 battleaxe of electrocution (8)]
  8581 | D:9      | 8581 ||| READING 3 scrolls of teleportation.
  8582 | D:9      | 8582 ||| DRINKING potion of heal wounds.
  8586 | D:9      | 8586 ||| READING 2 scrolls of teleportation.
  8597 | D:9      | 8597 ||| READING scroll of teleportation.
  8597 | D:9      | HP: 15/68 [bullfrog (1)]
  8609 | D:9      | HP: 9/68 [orc wizard/puff of flame (6)]
  8620 | D:9      | Killed from afar by Gastronok

Levels and vault maps discovered:
D:1:      shiori_arrival_maze, layout_basic, serial_forest,
          infiniplex_forest_clump_double, infiniplex_forest_lined_ring,
          infiniplex_forest_zigzag_1, infiniplex_forest_clump_cross,
          infiniplex_forest_corner_1, infiniplex_forest_end_2,
          infiniplex_forest_lined_4_way, infiniplex_forest_end_3, serial_shops,
          nicolae_shop_advertising_works [nicolae_subvault_shop_adworks]
D:2:      layout_basic, serial_forest, infiniplex_forest_end_2,
          infiniplex_forest_corner_2, infiniplex_forest_end_double,
          infiniplex_forest_straight_1, infiniplex_forest_lined_2,
          minmay_surrounded
D:3:      layout_loops_ring, serial_shops, shop, shop, nicolae_lakefront_shop,
          shop, shop, minivault_27
D:4:      layout_cave_pools
D:5:      layout_loops_ring, nicolae_qazlal_beasts_of_the_sky,
          minmay_temple_entry_junction, hangedman_abyss_or_decor_stabs,
          minmay_tree_intersection
D:6:      layout_loops_ring, minitemple, uniq_duvessa, uniq_eustachio
D:7:      layout_basic, grunt_tough_drop, uniq_joseph
D:8:      layout_basic, worldfamousw_hep_ancestral_shrine, serial_glass,
          glass_columns_a, glass_columns_b, glass_columns_a, glass_columns_b,
          glass_columns_b, enter_bailey_5, ebering_ghost_reflecting_pool,
          minmay_checkerbox, uniq_pikel
D:9:      layout_long_grid, lair_entry_dummy, uniq_gastronok
Temple:   hellmonk_temple_divided_pantheon

Skill      XL: |  1  2  3  4  5  6  7  8  9 10 |
---------------+-------------------------------+-----
Axes           | 2 3 5 6 7 9 10 11 | 11.0
Fighting       | 4 5 6 7 8 |  8.0
Dodging        | 1 |  1.0
Armour         | 4 6 |  6.2
Shields        | 4 9 |  9.7
Throwing       | 1 |  1.2

Action                     |  1- 3 |  4- 6 |  7- 9 | 10-12 || total
---------------------------+-------+-------+-------+-------++-------
  Melee: War axe           |   120 |   164 |   393 |   239 ||   916
  Throw: Boomerang         |       |       |    15 |       ||    15
    Use: Scroll            |     2 |     3 |     5 |     8 ||    18
         Potion            |       |     1 |     1 |     2 ||     4
 Armour: Scale mail        |    65 |    24 |       |       ||    89
         Chain mail        |       |    56 |   176 |    59 ||   291
         Plate armour      |       |       |       |    88 ||    88
  Dodge: Dodged            |    65 |    98 |   234 |   148 ||   545
  Block: Buckler           |    15 |    25 |    74 |     2 ||   116
         Kite shield       |       |       |       |   121 ||   121

Table legend:
 A = Non-vault XP
 B = Vault XP
 C = Vault XP percentage of total XP
 D = Non-vault monster count
 E = Vault monster count
 F = Vault count percentage of total count
                 A         B        C        D         E       F
            +---------+---------+-------+---------+---------+-------
      Total |    7703 |    2412 |  23.8 |     193 |      25 |  11.5
            +---------+---------+-------+---------+---------+-------
        D:1 |      32 |       4 |  11.1 |      21 |       2 |   8.7
        D:2 |      63 |      16 |  20.3 |      21 |       3 |  12.5
        D:3 |      24 |       0 |   0.0 |       6 |       0 |   0.0
        D:4 |     524 |       0 |   0.0 |      33 |       0 |   0.0
        D:5 |     978 |     127 |  11.5 |      18 |       1 |   5.3
        D:6 |     822 |     393 |  32.3 |      20 |       3 |  13.0
        D:7 |    1338 |     672 |  33.4 |      37 |       7 |  15.9
        D:8 |    2555 |    1200 |  32.0 |      17 |       9 |  34.6
        D:9 |    1367 |       0 |   0.0 |      20 |       0 |   0.0
            +---------+---------+-------+---------+---------+-------
